[Event "51st Rilton Cup 2023-24"]
[Site "Stockholm"]
[Date "2023.12.29"]
[Round "3.1"]
[White "Kulaots, Kaido"]
[Black "Socko, Monika"]
[Result "1-0"]
[ECO "B12"]
[WhiteElo "2524"]
[BlackElo "2396"]
[Annotator "ChessBase"]
[PlyCount "81"]
[EventDate "2023.12.27"]
[EventType "swiss"]
[EventCountry "SWE"]
[SourceTitle "playchess.com"]
[Source "ChessBase"]
[SourceQuality "1"]
[TimeControl "40/5400+30:1800+30"]

1. e4 c6 2. d4 d5 3. e5 Bf5 4. c4 e6 5. Nc3 Ne7 6. h3 dxc4 7. Bxc4 Nd7 8. Nge2 Nb6 9. Bb3 Ned5 10. O-O Be7 11. Ng3 Qd7 12. Qf3 Bg6 13. Nce4 O-O-O 14. Bd2 Nc7 15. Ne2 Rhf8 16. Rfd1 f6 17. exf6 gxf6 18. Bh6 Bxe4 19. Qxe4 Rg8 20. Nf4 Nbd5 21. Re1 Bb4 22. Re2 Rde8 23. a3 Bd6 24. Rae1 Kb8 25. Qf3 Qf7 26. Bc4 a6 27. Kh1 Ka7 28. g3 Qd7 29. h4 Bf8 30. Bxd5 cxd5 31. Bxf8 Rgxf8 32. Nd3 Qd6 33. a4 Kb8 34. Rc1 e5 35. Qh5 e4 36. Nf4 Re7 37. Rc5 f5 38. Rec2 Rg7 39. b4 Qf6 40. Rxc7 e3 41. Rxg7 1-0

[Event "51st Rilton Cup 2023-24"]
[Site "Stockholm"]
[Date "2023.12.29"]
[Round "3.2"]
[White "Krishna C R G"]
[Black "Prraneeth Vuppala"]
[Result "0-1"]
[ECO "E14"]
[WhiteElo "2396"]
[BlackElo "2515"]
[Annotator "ChessBase"]
[PlyCount "112"]
[EventDate "2023.12.27"]
[EventType "swiss"]
[EventCountry "SWE"]
[SourceTitle "playchess.com"]
[Source "ChessBase"]
[SourceQuality "1"]
[TimeControl "40/5400+30:1800+30"]

1. d4 Nf6 2. Nf3 d5 3. e3 e6 4. Bd3 b6 5. O-O Bb7 6. b3 Bd6 7. Bb2 O-O 8. c4 Nbd7 9. Nc3 a6 10. Rc1 Qe7 11. Na4 dxc4 12. bxc4 c5 13. Ne5 Rfd8 14. f4 Rab8 15. Qe2 cxd4 16. exd4 Ba3 17. Nxd7 Rxd7 18. Nxb6 Bxb2 19. Qxb2 Bc6 20. c5 Qd8 21. Be2 Rxd4 22. Rfd1 Rxd1+ 23. Rxd1 Qf8 24. Rd6 Bd5 25. Qc2 Ne4 26. Nd7 Qc8 27. Bxa6 Qc7 28. Nxb8 Nxd6 29. Bd3 Nf5 30. Bxf5 exf5 31. Na6 Qxf4 32. h3 Qe3+ 33. Kh2 Qe5+ 34. Kg1 Qe6 35. Qb2 h6 36. Nb4 Be4 37. Qd4 Qg6 38. Qd2 Qf6 39. c6 Qa1+ 40. Kf2 Qh1 41. Kg3 f4+ 42. Kxf4 Bxg2 43. Qd8+ Kh7 44. Qd3+ g6 45. Qd7 Qf1+ 46. Ke5 Bxh3 47. Qd4 Be6 48. a4 Qe1+ 49. Kd6 Qg3+ 50. Kc5 Qc7 51. Kb5 Qb8+ 52. Qb6 Qf4 53. Ka6 h5 54. c7 Qc4+ 55. Kb7 h4 56. Qxe6 fxe6 0-1

[Event "51st Rilton Cup 2023-24"]
[Site "Stockholm"]
[Date "2023.12.29"]
[Round "3.3"]
[White "Akesson, Ralf"]
[Black "Raja Rithvik R"]
[Result "0-1"]
[ECO "D45"]
[WhiteElo "2387"]
[BlackElo "2500"]
[Annotator "ChessBase"]
[PlyCount "96"]
[EventDate "2023.12.27"]
[EventType "swiss"]
[EventCountry "SWE"]
[SourceTitle "playchess.com"]
[Source "ChessBase"]
[SourceQuality "1"]
[TimeControl "40/5400+30:1800+30"]

1. d4 d5 2. c4 e6 3. Nc3 c6 4. e3 Nf6 5. Nf3 Nbd7 6. Qc2 Bd6 7. Be2 O-O 8. b3 b6 9. O-O Bb7 10. Bb2 Qe7 11. Rad1 Rad8 12. Rfe1 Rfe8 13. h3 c5 14. cxd5 exd5 15. Bb5 a6 16. Bxd7 Nxd7 17. dxc5 Nxc5 18. Ne2 Qe4 19. Qc3 f6 20. Ned4 Bc8 21. Nc6 Rd7 22. Qd2 a5 23. Ncd4 Ba6 24. Rb1 Nd3 25. Red1 h6 26. a3 f5 27. Ne1 Nxb2 28. Qxb2 f4 29. exf4 Qxf4 30. Nef3 Rde7 31. b4 axb4 32. axb4 Bc4 33. Qc2 Re4 34. Qd2 Qf6 35. Qc2 Qf4 36. Qd2 Qf6 37. Qc3 Kh8 38. Nb5 Be5 39. Nxe5 Bxb5 40. f4 Rxf4 41. Rxd5 Be2 42. Qe3 Bh5 43. Re1 Kg8 44. Kh2 Rxb4 45. Nd7 Qf7 46. Qd2 Rxe1 47. Nf6+ Qxf6 48. Qxb4 Bf7 0-1

[Event "51st Rilton Cup 2023-24"]
[Site "Stockholm"]
[Date "2023.12.29"]
[Round "3.4"]
[White "Parkhov, Yair"]
[Black "Djurovic, Goran"]
[Result "1-0"]
[ECO "E45"]
[WhiteElo "2495"]
[BlackElo "2372"]
[Annotator "ChessBase"]
[PlyCount "61"]
[EventDate "2023.12.27"]
[EventType "swiss"]
[EventCountry "SWE"]
[SourceTitle "playchess.com"]
[Source "ChessBase"]
[SourceQuality "1"]
[TimeControl "40/5400+30:1800+30"]

1. d4 Nf6 2. c4 e6 3. Nc3 Bb4 4. e3 b6 5. Nge2 Ba6 6. Ng3 O-O 7. e4 d5 8. cxd5 Bxf1 9. Kxf1 exd5 10. e5 Ne8 11. Nce2 Qd7 12. Nf4 c6 13. Qd3 g6 14. h4 f5 15. Nh3 Ng7 16. Bh6 Re8 17. h5 Bf8 18. Ng5 Ne6 19. hxg6 hxg6 20. Ne2 Bxh6 21. Nxe6 Qh7 22. N2f4 Re7 23. g4 fxg4 24. Ng5 Qg7 25. Nfe6 Bxg5 26. Nxg7 Kxg7 27. Rg1 Bf4 28. Rxg4 g5 29. Qf5 Rf7 30. Rxg5+ Bxg5 31. Qxg5+ 1-0

[Event "51st Rilton Cup 2023-24"]
[Site "Stockholm"]
[Date "2023.12.29"]
[Round "3.5"]
[White "Rakesh Kumar Jena"]
[Black "Costa, Leonardo"]
[Result "1/2-1/2"]
[ECO "D02"]
[WhiteElo "2335"]
[BlackElo "2472"]
[Annotator "ChessBase"]
[PlyCount "82"]
[EventDate "2023.12.27"]
[EventType "swiss"]
[EventCountry "SWE"]
[SourceTitle "playchess.com"]
[Source "ChessBase"]
[SourceQuality "1"]
[TimeControl "40/5400+30:1800+30"]

1. d4 Nf6 2. Bf4 d5 3. e3 Bf5 4. Nd2 e6 5. c3 c6 6. Ngf3 Nbd7 7. Qb3 Qb6 8. h3 h6 9. Be2 Be7 10. Ne5 Ne4 11. Nxd7 Kxd7 12. g4 Bh7 13. Nxe4 Bxe4 14. f3 Bh7 15. Kd2 h5 16. gxh5 Bf5 17. Rag1 Qxb3 18. axb3 Rag8 19. Be5 f6 20. Bg3 Rxh5 21. e4 Bxh3 22. exd5 cxd5 23. b4 a6 24. b5 a5 25. b6 Bd8 26. Bb5+ Kc8 27. Bd6 Bxb6 28. Rg3 Bg4 29. Rhg1 Rh2+ 30. Kc1 Bf5 31. Rxg7 Rc2+ 32. Kd1 Rd8 33. Ba3 e5 34. Rf7 exd4 35. Rxf6 dxc3 36. Rxb6 Kc7 37. Bc5 cxb2 38. Rg7+ Kc8 39. Rc6+ Kb8 40. Rxb7+ Kxb7 41. Rb6+ Kc7 1/2-1/2

[Event "51st Rilton Cup 2023-24"]
[Site "Stockholm"]
[Date "2023.12.29"]
[Round "3.6"]
[White "Makhija, Aashna"]
[Black "Chasin, Nico"]
[Result "0-1"]
[ECO "C78"]
[WhiteElo "2093"]
[BlackElo "2444"]
[Annotator "ChessBase"]
[PlyCount "110"]
[EventDate "2023.12.27"]
[EventType "swiss"]
[EventCountry "SWE"]
[SourceTitle "playchess.com"]
[Source "ChessBase"]
[SourceQuality "1"]
[TimeControl "40/5400+30:1800+30"]

1. e4 e5 2. Nf3 Nc6 3. Bb5 a6 4. Ba4 Nf6 5. O-O Bc5 6. c3 b5 7. Bb3 d6 8. d4 Bb6 9. dxe5 Nxe5 10. Nxe5 dxe5 11. Qxd8+ Kxd8 12. Bg5 Ke8 13. Nd2 Nd7 14. Bd5 Rb8 15. a4 f6 16. Bh4 h5 17. h3 Nf8 18. axb5 axb5 19. Bc6+ Bd7 20. Bxd7+ Kxd7 21. Kh1 Ne6 22. f3 Ra8 23. Rad1 Kc6 24. b4 Rhd8 25. Nb3 Rxd1 26. Rxd1 Ra2 27. Rd2 Ra3 28. Rb2 Nf4 29. Bg3 Nd3 30. Rb1 Kb7 31. h4 Kc8 32. Kh2 Be3 33. Kh1 g6 34. Kh2 f5 35. exf5 gxf5 36. Be1 Rxb3 37. Rxb3 Nxe1 38. c4 Bf4+ 39. Kg1 bxc4 40. Rc3 Nd3 41. Rxc4 Bg3 42. b5 Kb7 43. Kf1 Nf4 44. Rc5 Ne6 45. Rc6 Nd4 46. Rg6 Bf4 47. g3 Bd2 48. Rg7 Nxf3 49. Ke2 e4 50. Rh7 Be1 51. Rg7 Bb4 52. Rf7 Bc5 53. Kf1 e3 54. Ke2 Ng1+ 55. Ke1 e2 0-1

[Event "51st Rilton Cup 2023-24"]
[Site "Stockholm"]
[Date "2023.12.29"]
[Round "3.7"]
[White "Sokolovsky, Yahli"]
[Black "Koykka, Pekka"]
[Result "1-0"]
[ECO "C63"]
[WhiteElo "2443"]
[BlackElo "2351"]
[Annotator "ChessBase"]
[PlyCount "77"]
[EventDate "2023.12.27"]
[EventType "swiss"]
[EventCountry "SWE"]
[SourceTitle "playchess.com"]
[Source "ChessBase"]
[SourceQuality "1"]
[TimeControl "40/5400+30:1800+30"]

1. e4 e5 2. Nf3 Nc6 3. Bb5 f5 4. d3 fxe4 5. dxe4 Nf6 6. O-O d6 7. Bc4 Bg4 8. h3 Bh5 9. Nc3 Qd7 10. Nd5 O-O-O 11. Qd3 Kb8 12. a4 Ne7 13. Nc3 h6 14. Ra3 g5 15. Rb3 g4 16. hxg4 Bxg4 17. Rd1 Ka8 18. Qe3 Ng6 19. Nb5 c5 20. Qe1 Rh7 21. Bd2 Qc6 22. Ba5 b6 23. Nxa7 Kxa7 24. Bxb6+ Qxb6 25. Rxb6 Kxb6 26. b4 cxb4 27. Qxb4+ Kc7 28. Qa5+ Kd7 29. Bb5+ Ke7 30. Qc7+ Bd7 31. Rxd6 Rf7 32. a5 Ke8 33. Rd1 Be7 34. Nxe5 Nxe5 35. Qxe5 Bxb5 36. Rxd8+ Kxd8 37. Qb8+ Kd7 38. Qxb5+ Kd8 39. e5 1-0

[Event "51st Rilton Cup 2023-24"]
[Site "Stockholm"]
[Date "2023.12.29"]
[Round "3.8"]
[White "Bronstein, Or"]
[Black "Elmi, Saad Abobaker"]
[Result "1/2-1/2"]
[ECO "D27"]
[WhiteElo "2428"]
[BlackElo "2333"]
[Annotator "ChessBase"]
[PlyCount "147"]
[EventDate "2023.12.27"]
[EventType "swiss"]
[EventCountry "SWE"]
[SourceTitle "playchess.com"]
[Source "ChessBase"]
[SourceQuality "1"]
[TimeControl "40/5400+30:1800+30"]

1. d4 d5 2. c4 dxc4 3. Nf3 Nf6 4. e3 e6 5. Bxc4 c5 6. O-O a6 7. b3 b6 8. Ba3 Nbd7 9. d5 exd5 10. Bxd5 Rb8 11. e4 Be7 12. Nc3 O-O 13. Qe2 b5 14. Bb2 Nb6 15. Rad1 Qc7 16. Qe3 Bg4 17. h3 Bh5 18. Ne2 Nfxd5 19. exd5 Bd6 20. Ng3 Bg6 21. Rfe1 Rbd8 22. Ne4 f6 23. Nh4 b4 24. Qf3 Qf7 25. Nf5 Be5 26. Bxe5 fxe5 27. Nh4 c4 28. Qxf7+ Bxf7 29. bxc4 Nxc4 30. Nf5 h6 31. g4 a5 32. Re2 Rfe8 33. d6 Be6 34. Rc2 a4 35. d7 Rf8 36. Ne7+ Kh7 37. Nc5 b3 38. axb3 axb3 39. Rc3 Bf7 40. Nxb3 Nb2 41. Rd6 Nc4 42. Rxc4 Bxc4 43. Nc5 Rb8 44. Rd2 Bb5 45. Rb2 Rfd8 46. Rxb5 Rxb5 47. Nc6 Ra8 48. Ne6 e4 49. d8=Q Rxd8 50. Ncxd8 Rb3 51. h4 Rb1+ 52. Kg2 Rb2 53. Kf1 Rb1+ 54. Ke2 Rg1 55. f3 Rg3 56. fxe4 Rxg4 57. Kf3 Rxh4 58. Nf8+ Kg8 59. Ng6 Rh5 60. Kf4 Kh7 61. Nf8+ Kg8 62. Ng6 Kh7 63. Nf8+ Kg8 64. Nd7 Rh1 65. e5 Rf1+ 66. Kg4 g6 67. e6 Re1 68. Kf4 Kg7 69. Kf3 g5 70. Kf2 Re4 71. Kf3 Re1 72. Kf2 Re4 73. Kf3 Re1 74. Kf2 1/2-1/2

[Event "51st Rilton Cup 2023-24"]
[Site "Stockholm"]
[Date "2023.12.29"]
[Round "3.9"]
[White "Blomqvist, Erik"]
[Black "Krishnan, Ritvik"]
[Result "1-0"]
[ECO "C78"]
[WhiteElo "2521"]
[BlackElo "2346"]
[Annotator "ChessBase"]
[PlyCount "77"]
[EventDate "2023.12.27"]
[EventType "swiss"]
[EventCountry "SWE"]
[SourceTitle "playchess.com"]
[Source "ChessBase"]
[SourceQuality "1"]
[TimeControl "40/5400+30:1800+30"]

1. e4 e5 2. Nf3 Nc6 3. Bb5 a6 4. Ba4 Nf6 5. O-O b5 6. Bb3 Bc5 7. c3 d6 8. d4 Bb6 9. Be3 Bb7 10. Nbd2 O-O 11. h3 h6 12. Re1 Re8 13. d5 Ne7 14. Bxb6 cxb6 15. a4 bxa4 16. Bxa4 b5 17. Bc2 Ng6 18. Bd3 Qb6 19. b4 a5 20. bxa5 Rxa5 21. Rb1 Qc7 22. Bxb5 Rc8 23. c4 Ba6 24. Qe2 Bxb5 25. cxb5 Nd7 26. Qf1 Ra2 27. Rec1 Rc2 28. Rxc2 Qxc2 29. b6 Rb8 30. Qc4 Rc8 31. Qa6 Rb8 32. b7 Nh4 33. Nxh4 Qxd2 34. Nf5 Qc2 35. Qb5 Nc5 36. Nxd6 Nxe4 37. Nxe4 Qxe4 38. Rc1 Kh7 39. Qd7 1-0

[Event "51st Rilton Cup 2023-24"]
[Site "Stockholm"]
[Date "2023.12.29"]
[Round "3.10"]
[White "Eggleston, David J"]
[Black "Hillarp Persson, Tiger"]
[Result "1/2-1/2"]
[ECO "B52"]
[WhiteElo "2353"]
[BlackElo "2493"]
[Annotator "ChessBase"]
[PlyCount "94"]
[EventDate "2023.12.27"]
[EventType "swiss"]
[EventCountry "SWE"]
[SourceTitle "playchess.com"]
[Source "ChessBase"]
[SourceQuality "1"]
[TimeControl "40/5400+30:1800+30"]

1. e4 c5 2. Nf3 d6 3. Bb5+ Bd7 4. c4 Nc6 5. Nc3 Nf6 6. O-O e6 7. Re1 Ne5 8. d3 Be7 9. Bf4 Ng6 10. Bg3 Bxb5 11. Nxb5 Nh5 12. d4 Nxg3 13. hxg3 a6 14. Nc3 cxd4 15. Qxd4 O-O 16. Rad1 Rc8 17. Re3 Qa5 18. a3 Qc7 19. b3 d5 20. exd5 Bc5 21. Qe4 Bxe3 22. Qxe3 exd5 23. Nxd5 Qc5 24. Nd4 Rfe8 25. Qc1 Re5 26. Ne3 Rce8 27. b4 Qc8 28. c5 Rd8 29. Qc2 h5 30. Nc4 Re7 31. Nd6 Qg4 32. N4f5 Re6 33. Ne3 Qg5 34. Nxb7 Rxd1+ 35. Qxd1 Rxe3 36. fxe3 Qxe3+ 37. Kh2 Ne5 38. Qxh5 g6 39. Qd1 Qh6+ 40. Kg1 Qe3+ 41. Kh2 Qh6+ 42. Kg1 Qe3+ 43. Kh2 Kh7 44. c6 Qh6+ 45. Kg1 Qe3+ 46. Kh2 Qh6+ 47. Kg1 Qe3+ 1/2-1/2

[Event "51st Rilton Cup 2023-24"]
[Site "Stockholm"]
[Date "2023.12.29"]
[Round "3.11"]
[White "Bailet, Pierre"]
[Black "Hedman, Erik"]
[Result "1/2-1/2"]
[ECO "B70"]
[WhiteElo "2492"]
[BlackElo "2323"]
[Annotator "ChessBase"]
[PlyCount "74"]
[EventDate "2023.12.27"]
[EventType "swiss"]
[EventCountry "SWE"]
[SourceTitle "playchess.com"]
[Source "ChessBase"]
[SourceQuality "1"]
[TimeControl "40/5400+30:1800+30"]

1. e4 c5 2. Nf3 d6 3. d4 cxd4 4. Nxd4 Nf6 5. Nc3 g6 6. Be2 Bg7 7. O-O O-O 8. Re1 Nc6 9. Nb3 a5 10. a4 Be6 11. Bg5 Nd7 12. Bb5 Re8 13. Qd2 Bxb3 14. cxb3 Nd4 15. Rad1 Nxb5 16. Nxb5 Nc5 17. Qc2 Qc8 18. Be3 b6 19. Bd4 Ne6 20. Bc3 Nf4 21. f3 Qc5+ 22. Qf2 Qxf2+ 23. Kxf2 Rec8 24. Rd2 Ne6 25. e5 dxe5 26. Bxe5 Rd8 27. Rxd8+ Rxd8 28. Bc3 Rd7 29. Re3 Nc5 30. Bxg7 Kxg7 31. Ke2 e6 32. g3 g5 33. Na3 Rd4 34. Nc2 Rd6 35. Na3 Rd4 36. Nc2 Rd6 37. Na3 Rd4 1/2-1/2

[Event "51st Rilton Cup 2023-24"]
[Site "Stockholm"]
[Date "2023.12.29"]
[Round "3.12"]
[White "Shohat, Yotam"]
[Black "Sivuk, Vitaly"]
[Result "0-1"]
[ECO "C67"]
[WhiteElo "2332"]
[BlackElo "2490"]
[Annotator "ChessBase"]
[PlyCount "100"]
[EventDate "2023.12.27"]
[EventType "swiss"]
[EventCountry "SWE"]
[SourceTitle "playchess.com"]
[Source "ChessBase"]
[SourceQuality "1"]
[TimeControl "40/5400+30:1800+30"]

1. e4 e5 2. Nf3 Nc6 3. Bb5 Nf6 4. O-O Nxe4 5. Re1 Nd6 6. Nxe5 Be7 7. Bf1 Nf5 8. c3 Nxe5 9. Rxe5 d6 10. Re1 O-O 11. d4 d5 12. Nd2 Bd6 13. Nf3 Nh4 14. Nxh4 Qxh4 15. g3 Qf6 16. Qh5 Qf5 17. Qxf5 Bxf5 18. f3 h5 19. Bd2 a5 20. Kg2 f6 21. h3 g5 22. g4 Bg6 23. gxh5 Bxh5 24. Bd3 Kg7 25. Rh1 Rh8 26. Raf1 Rae8 27. Re1 Bg6 28. Bxg6 Kxg6 29. Rxe8 Rxe8 30. Re1 Rh8 31. a4 b6 32. Re2 Kf5 33. Be1 c5 34. Bf2 Rb8 35. Rd2 c4 36. Re2 b5 37. axb5 Rxb5 38. Be3 a4 39. Kf2 Bf4 40. Rc2 Rb8 41. Bd2 Bxd2 42. Rxd2 Kf4 43. Re2 Rb3 44. Rc2 a3 45. bxa3 Rxa3 46. Ke2 Kg3 47. Rc1 f5 48. Rc2 f4 49. Rb2 Rxc3 50. Rb5 Re3+ 0-1

[Event "51st Rilton Cup 2023-24"]
[Site "Stockholm"]
[Date "2023.12.29"]
[Round "3.13"]
[White "Hagner, Bennet"]
[Black "Trost, Edvin"]
[Result "0-1"]
[ECO "B12"]
[WhiteElo "2348"]
[BlackElo "2434"]
[Annotator "ChessBase"]
[PlyCount "70"]
[EventDate "2023.12.27"]
[EventType "swiss"]
[EventCountry "SWE"]
[SourceTitle "playchess.com"]
[Source "ChessBase"]
[SourceQuality "1"]
[TimeControl "40/5400+30:1800+30"]

1. e4 c6 2. d4 d5 3. e5 Bf5 4. h4 h5 5. Bd3 Bxd3 6. Qxd3 Qa5+ 7. b4 Qxb4+ 8. Nd2 e6 9. Rb1 Qe7 10. Ne2 b5 11. a4 a6 12. axb5 axb5 13. Nb3 Qc7 14. Bg5 Nd7 15. O-O Ne7 16. Ra1 Rb8 17. Nf4 c5 18. dxc5 Nxe5 19. Qe2 N5g6 20. g3 e5 21. Nxg6 Nxg6 22. Ra6 Be7 23. Bxe7 Qxe7 24. Rb6 O-O 25. Qxb5 Rbc8 26. Qe2 e4 27. Qxh5 Ne5 28. Rd6 Rxc5 29. Nxc5 Qxd6 30. Nb3 Nf3+ 31. Kg2 f5 32. Rd1 Qe5 33. Nc5 Rc8 34. Na4 Rc6 35. g4 Rh6 0-1

[Event "51st Rilton Cup 2023-24"]
[Site "Stockholm"]
[Date "2023.12.29"]
[Round "3.14"]
[White "Ostlund, Joar"]
[Black "Martins, David Pires Tavares"]
[Result "1-0"]
[ECO "D32"]
[WhiteElo "2326"]
[BlackElo "2428"]
[Annotator "ChessBase"]
[PlyCount "73"]
[EventDate "2023.12.27"]
[EventType "swiss"]
[EventCountry "SWE"]
[SourceTitle "playchess.com"]
[Source "ChessBase"]
[SourceQuality "1"]
[TimeControl "40/5400+30:1800+30"]

1. d4 e6 2. c4 d5 3. Nc3 c5 4. cxd5 exd5 5. Nf3 Nc6 6. dxc5 d4 7. Na4 b5 8. cxb6 axb6 9. b3 Nf6 10. e4 b5 11. Nb2 Nxe4 12. Qc2 Bb4+ 13. Bd2 O-O 14. Bxb5 Nxd2 15. Nxd2 Qg5 16. Bxc6 Bf5 17. Qd1 Bg4 18. f3 Rae8+ 19. Bxe8 Bxf3 20. gxf3 Rxe8+ 21. Kf1 Bxd2 22. Rg1 Qf4 23. Rg2 Bc3 24. Nd3 Qf5 25. Rc1 Re3 26. Nf2 Rxf3 27. Qe2 h5 28. Kg1 Re3 29. Qf1 h4 30. h3 Rf3 31. Qe2 g6 32. Ng4 Kh7 33. Rf1 Rf4 34. Rxf4 Qxf4 35. Qf1 Qc7 36. Nf6+ Kh8 37. Ne8 1-0

[Event "51st Rilton Cup 2023-24"]
[Site "Stockholm"]
[Date "2023.12.29"]
[Round "3.15"]
[White "Jarmula, Lukasz"]
[Black "Falkevall, Axel"]
[Result "1-0"]
[ECO "E71"]
[WhiteElo "2425"]
[BlackElo "2311"]
[Annotator "ChessBase"]
[PlyCount "157"]
[EventDate "2023.12.27"]
[EventType "swiss"]
[EventCountry "SWE"]
[SourceTitle "playchess.com"]
[Source "ChessBase"]
[SourceQuality "1"]
[TimeControl "40/5400+30:1800+30"]

1. c4 Nf6 2. Nc3 g6 3. e4 d6 4. d4 Bg7 5. h3 O-O 6. Be3 e5 7. d5 Na6 8. g4 Nc5 9. Qc2 c6 10. Nge2 cxd5 11. cxd5 a5 12. Ng3 Bd7 13. f3 h5 14. Rg1 h4 15. Nh1 Rc8 16. Qd2 Qe8 17. Bg5 b5 18. Bxh4 b4 19. Nd1 Nh7 20. Ne3 Bb5 21. Nf2 f6 22. Nc4 Bxc4 23. Bxc4 Ng5 24. Bxg5 fxg5 25. Be2 Bf6 26. Kf1 Bd8 27. Kg2 Rf4 28. Rh1 Rc7 29. Rac1 Qf8 30. Qe3 Rcf7 31. Nd3 Nxd3 32. Qxd3 Bb6 33. Rc6 Bc5 34. Rc1 Kg7 35. R1xc5 dxc5 36. d6 c4 37. Qxc4 Rxf3 38. Bxf3 Rxf3 39. Qe2 Rf7 40. Qe3 Qd8 41. Qd3 Kh6 42. b3 Qf6 43. Rc2 Rd7 44. Rd2 Kg7 45. Kg1 Kh6 46. Qd5 Qf4 47. Kg2 Qf6 48. Rd1 Rd8 49. d7 Rf8 50. Qd3 Qf2+ 51. Kh1 Rd8 52. Rd2 Qf6 53. Kg2 Kg7 54. Qd6 Qf4 55. Qd5 Qf6 56. Rc2 Rf8 57. Qd3 Kh6 58. Rd2 Rd8 59. Qd6 Qf4 60. Qd5 Qe3 61. Rf2 Qd4 62. Qxd4 exd4 63. Rf7 d3 64. Kf2 d2 65. Ke2 a4 66. h4 gxh4 67. e5 axb3 68. axb3 h3 69. e6 d1=Q+ 70. Kxd1 h2 71. Rf1 Kg5 72. Kc2 h1=Q 73. Rxh1 Kf6 74. Re1 Ke7 75. Kd3 Rb8 76. Kc4 g5 77. Rd1 Rd8 78. Kd5 Rf8 79. Ke4 1-0

[Event "51st Rilton Cup 2023-24"]
[Site "Stockholm"]
[Date "2023.12.29"]
[Round "3.16"]
[White "Dragicevic, Drazen"]
[Black "Oratovsky, Michael"]
[Result "1/2-1/2"]
[ECO "A49"]
[WhiteElo "2322"]
[BlackElo "2421"]
[Annotator "ChessBase"]
[PlyCount "70"]
[EventDate "2023.12.27"]
[EventType "swiss"]
[EventCountry "SWE"]
[SourceTitle "playchess.com"]
[Source "ChessBase"]
[SourceQuality "1"]
[TimeControl "40/5400+30:1800+30"]

1. Nf3 d6 2. d4 Nf6 3. b3 g6 4. g3 Bg7 5. Bg2 O-O 6. O-O e5 7. dxe5 dxe5 8. Ba3 Qxd1 9. Rxd1 Re8 10. Nc3 e4 11. Nd4 a6 12. e3 b6 13. h3 h5 14. Rac1 Nbd7 15. Na4 Ne5 16. c4 Rb8 17. Nc3 c5 18. Nde2 Bf5 19. Nf4 g5 20. Nfd5 Nd3 21. Nxf6+ Bxf6 22. Nd5 Bg7 23. Rc2 Bg6 24. Bf1 Rb7 25. f4 gxf4 26. gxf4 Rd8 27. Rg2 Kh7 28. Rg5 f6 29. Rg2 b5 30. Bxd3 exd3 31. Bxc5 Be4 32. Rgd2 bxc4 33. bxc4 f5 34. Bd4 Bxd4 35. exd4 Kh6 1/2-1/2

[Event "51st Rilton Cup 2023-24"]
[Site "Stockholm"]
[Date "2023.12.29"]
[Round "3.17"]
[White "Marn, Jan"]
[Black "Pasti, Aron"]
[Result "1/2-1/2"]
[ECO "E08"]
[WhiteElo "2322"]
[BlackElo "2410"]
[Annotator "ChessBase"]
[PlyCount "61"]
[EventDate "2023.12.27"]
[EventType "swiss"]
[EventCountry "SWE"]
[SourceTitle "playchess.com"]
[Source "ChessBase"]
[SourceQuality "1"]
[TimeControl "40/5400+30:1800+30"]

1. d4 Nf6 2. c4 e6 3. Nf3 d5 4. g3 Be7 5. Bg2 O-O 6. O-O c6 7. Qc2 b6 8. Rd1 Nbd7 9. b3 Bb7 10. Nc3 Ba6 11. Qd3 Rc8 12. Bb2 b5 13. cxb5 cxb5 14. Nxb5 Ne4 15. a4 Qb6 16. e3 Nb8 17. Rdc1 Nc6 18. Bf1 Na5 19. Rxc8 Rxc8 20. Rc1 Rxc1 21. Bxc1 Bb7 22. Qc2 a6 23. Ba3 Bxa3 24. Nxa3 Nxb3 25. Nb5 Na5 26. Qc7 Qxc7 27. Nxc7 Bc6 28. Nxa6 Bxa4 29. Nb4 Nc6 30. Nxc6 Bxc6 31. Ne5 1/2-1/2

[Event "51st Rilton Cup 2023-24"]
[Site "Stockholm"]
[Date "2023.12.29"]
[Round "3.18"]
[White "Sidhant, Mohapatra"]
[Black "Utsab Chatterjee"]
[Result "1-0"]
[ECO "C50"]
[WhiteElo "2408"]
[BlackElo "2289"]
[Annotator "ChessBase"]
[PlyCount "41"]
[EventDate "2023.12.27"]
[EventType "swiss"]
[EventCountry "SWE"]
[SourceTitle "playchess.com"]
[Source "ChessBase"]
[SourceQuality "1"]
[TimeControl "40/5400+30:1800+30"]

1. e4 e5 2. Nf3 Nc6 3. Bc4 Nf6 4. d3 Bc5 5. Nc3 h6 6. O-O a6 7. a4 d6 8. Nd5 Nxd5 9. Bxd5 Ne7 10. Bb3 Ng6 11. Be3 Qf6 12. d4 Bg4 13. dxc5 Nh4 14. Bxf7+ Kf8 15. Nxe5 Bxd1 16. Nd7+ Kxf7 17. Nxf6 Bxc2 18. Rfc1 Bd3 19. Ra3 Be2 20. Nd5 c6 21. Nf4 1-0

[Event "51st Rilton Cup 2023-24"]
[Site "Stockholm"]
[Date "2023.12.29"]
[Round "3.19"]
[White "Dhulipalla Bala Chandra Prasad"]
[Black "Ajay Santhosh Parvathareddy"]
[Result "1/2-1/2"]
[ECO "E62"]
[WhiteElo "2396"]
[BlackElo "2228"]
[Annotator "ChessBase"]
[PlyCount "103"]
[EventDate "2023.12.27"]
[EventType "swiss"]
[EventCountry "SWE"]
[SourceTitle "playchess.com"]
[Source "ChessBase"]
[SourceQuality "1"]
[TimeControl "40/5400+30:1800+30"]

1. d4 Nf6 2. c4 g6 3. g3 Bg7 4. Bg2 O-O 5. Nc3 c6 6. Nf3 d6 7. O-O Bf5 8. Re1 Ne4 9. Qb3 Nxc3 10. bxc3 Bc8 11. Ba3 Nd7 12. e4 Qc7 13. e5 Rd8 14. exd6 exd6 15. c5 d5 16. Bc1 Qa5 17. Bg5 Bf6 18. h4 Bxg5 19. Nxg5 Nf6 20. Re7 Rf8 21. Rae1 Qd8 22. Qd1 b6 23. Qa4 Bd7 24. R7e3 Re8 25. Rxe8+ Bxe8 26. Qa3 Bd7 27. Qc1 Bf5 28. Qf4 bxc5 29. dxc5 Rb8 30. Nf3 Bd7 31. Nd4 Be8 32. Qg5 Bd7 33. Qf4 Be8 34. Bf3 h5 35. Kg2 Rb2 36. Qe5 Kg7 37. Qg5 Bd7 38. Bxh5 Rxa2 39. Bf3 a5 40. Qf4 Rb2 41. g4 Nxg4 42. Bxg4 Qxh4 43. Qe5+ Kg8 44. Bxd7 Rxf2+ 45. Kg1 Rf4 46. Re2 Qg3+ 47. Rg2 Rf1+ 48. Kxf1 Qxe5 49. Bxc6 Qf4+ 50. Ke2 Qe4+ 51. Kf2 Qf4+ 52. Ke2 1/2-1/2

[Event "51st Rilton Cup 2023-24"]
[Site "Stockholm"]
[Date "2023.12.29"]
[Round "3.20"]
[White "Yordanov, Lachezar"]
[Black "Romanishin, Oleg M"]
[Result "1-0"]
[ECO "E29"]
[WhiteElo "2312"]
[BlackElo "2384"]
[Annotator "ChessBase"]
[PlyCount "82"]
[EventDate "2023.12.27"]
[EventType "swiss"]
[EventCountry "SWE"]
[SourceTitle "playchess.com"]
[Source "ChessBase"]
[SourceQuality "1"]
[TimeControl "40/5400+30:1800+30"]

1. d4 Nf6 2. c4 e6 3. Nc3 Bb4 4. e3 O-O 5. Bd3 c5 6. a3 Bxc3+ 7. bxc3 Nc6 8. Rb1 d6 9. Ne2 e5 10. e4 cxd4 11. cxd4 exd4 12. O-O Nd7 13. Bc2 Nde5 14. Nxd4 Nxc4 15. Nxc6 bxc6 16. Qd4 Be6 17. Rb3 f6 18. Rc3 c5 19. Qd3 Ne5 20. Qg3 Nc6 21. f4 Nd4 22. Bd1 f5 23. exf5 Bxf5 24. Qf2 Qf6 25. g4 Be4 26. Rh3 Rab8 27. f5 Bd5 28. Re1 Rb1 29. Bf4 h6 30. Rhe3 Ra1 31. Bg3 Ra2 32. Qf4 Rg2+ 33. Kf1 Nc2 34. Rd3 Nd4 35. Qxd6 Qxd6 36. Bxd6 Rc8 37. Re5 Bb7 38. Rxc5 Rxc5 39. Bxc5 Nc2 40. Rd8+ Kh7 41. Bf2 Bc8 1-0